 Dungeon Crawl Stone Soup version 0.27-b1-23-g44b8eac545 (webtiles) character file.

Game seed: 2000110635445720752

8008 RubberyChicken the Grappler (level 11, -1/109 HPs)
             Began as a Troll Fighter on July 28, 2021.
             Was a High Priest of Makhleb.
             Killed by refrigeration
             ... invoked by Fannar
              (31 damage)
             ... on level 10 of the Dungeon.
             The game lasted 00:24:24 (7706 turns).

RubberyChicken the Grappler (Troll Fighter)         Turns: 7706, Time: 00:24:25

Health: -1/109     AC:  6    Str: 26    XL:     11   Next: 4%
Magic:  13/13      EV:  9    Int:  4    God:    Makhleb [*****.]
Gold:   663        SH: 10    Dex: 10    Spells: 10/10 levels left

rFire    . . .     SeeInvis .     - Unarmed
rCold    . . .     Faith    .   j - +0 kite shield
rNeg     . . .     Spirit   .   k - +2 animal skin
rPois    .         Reflect  .   (helmet restricted)
rElec    .         Harm     .   F - +0 cloak
rCorr    .         Rampage  .   (gloves unavailable)
Will     .....                  (boots unavailable)
Stlth    +.........             (no amulet)
HPRegen  1.28/turn              e - ring of wizardry
MPRegen  0.13/turn              l - ring of wizardry

@: slowed, very slow
A: large, unfitting armour, claws 3, regeneration 1, shaggy fur 1, tough skin 1,
deformed body, low mp 1, weak 1
a: Renounce Religion, Minor Destruction, Lesser Servant of Makhleb, Major
Destruction, Greater Servant of Makhleb


You were on level 10 of the Dungeon.
You worshipped Makhleb.
Makhleb was extremely pleased with you.
You visited 1 branch of the dungeon, and saw 10 of its levels.
You also visited: Sewer and Ossuary.

You collected 663 gold pieces.

Inventory:

Hand Weapons
 b - a +0 hand crossbow of flaming
Missiles
 f - 10 boomerangs
 g - 25 poisoned darts (quivered)
 h - 4 curare-tipped darts
 i - 3 throwing nets
Armour
 j - a +0 kite shield (worn)
 k - a +2 animal skin (worn)
 m - a +0 robe of fire resistance
 B - +0 steam dragon scales
 F - a +0 cloak (worn)
Jewellery
 e - a ring of wizardry (left claw)
 l - a ring of wizardry (right claw)
Wands
 w - a wand of digging (8)
 E - a wand of paralysis (6)
 G - a wand of mindburst (10)
 H - a wand of iceblast (7)
 K - a wand of flame (14)
Scrolls
 o - 4 scrolls of teleportation {unknown}
 p - 3 scrolls of amnesia {unknown}
 q - 5 scrolls of blinking {unknown}
 t - 3 scrolls of fog {unknown}
 x - 5 scrolls of enchant armour {unknown}
 y - a scroll of torment {unknown}
 A - 2 scrolls of vulnerability {unknown}
 C - 2 scrolls of immolation {unknown}
 I - 2 scrolls of magic mapping
 J - a scroll of acquirement {unknown}
Potions
 a - a potion of brilliance
 c - 2 potions of might
 d - 5 potions of curing
 n - 4 potions of haste
 r - a potion of invisibility
 s - 3 potions of cancellation
 u - a potion of ambrosia
 v - 2 potions of lignification
 D - 3 potions of resistance
 L - a potion of attraction


   Skills:
 + Level 7.2 Fighting
 - Level 2.4 Dodging
 + Level 6.1 Shields
 * Level 11.5 Unarmed Combat
 + Level 6.4 Invocations


You had 10 spell levels left.
You didn't know any spells.
Your spell library contained the following spells:

 Spells                   Type           Power      Damage    Failure   Level
 Foxfire                  Conj/Fire      0%         2x1d4     26%         1
 Summon Small Mammal      Summ           0%         N/A       26%         1
 Static Discharge         Conj/Air       0%         N/A       36%         2
 Call Canine Familiar     Summ           0%         N/A       58%         3
 Conjure Flame            Conj/Fire      0%         6-21      58%         3
 Dazzling Flash           Conj/Hex       0%         N/A       58%         3
 Inner Flame              Hex/Fire       0%         N/A       58%         3
 Summon Guardian Golem    Hex/Summ       0%         N/A       58%         3
 Dispel Undead            Necr           0%         3d6       92%         4
 Iskenderun's Mystic Bla  Conj/Tloc      0%         2d3       92%         4
 Sticky Flame             Conj/Fire      0%         2d3       92%         4
 Starburst                Conj/Fire      0%         8x6d3     100%        6


Dungeon Overview and Level Annotations

Branches:
Dungeon (10/15)            Temple (0/1) D:5            Lair (0/6) D:9
    Orc (0/2) D:9           Sewer (visited)         Ossuary (visited)

Altars:
Makhleb
Vehumet
Yredelemnul

Shops:
D:1 !   D:7 =   D:8 [   D:9 (

Annotations:
D:10 Fannar


Innate Abilities, Weirdness & Mutations

You are too large for most types of armour.
You have claws for hands.
Your natural rate of healing is unusually fast.
You are covered in fur. (AC +1)
You have tough skin. (AC +1)
Armour fits poorly on your strangely shaped body.
Your magical capacity is low. (-10% MP)
You are weak. (Str -2)


Message History

Erica is heavily wounded.
Erica hits you with a +3 scimitar of flaming.
Erica burns you. You block Erica's attack.
You closely miss Erica.
Erica is heavily wounded.
You hear some strange, mumbled words.
Erica mumbles some strange words.
Erica flickers and vanishes!
No target in view!
No target in view!
No target in view!
You mangle something!! Something hits you! Something burns you.
You miss something.
You hear some strange, mumbled words.
A bolt of cold appears from out of thin air!
The bolt of cold hits something!!
Reactivating autopickup.
You feel a bit more experienced.
Deactivating autopickup; reactivate with Ctrl-A.
The bolt of cold hits you!!!
You have reached level 11!
You hear some strange, mumbled words.
The ambient heat is drained!
* * * LOW HITPOINT WARNING * * *
A centaur warrior zombie comes into view.
Unknown command.
You feel much better.
You hear some strange, mumbled words.
A bolt of cold appears from out of thin air!
The bolt of cold hits the ice beast.
The ice beast completely resists.
The bolt of cold misses you.
The ice beast hits you but does no damage.
You block the ice beast's attack.
You hear some strange, mumbled words.
The ambient heat is drained!
* * * LOW HITPOINT WARNING * * *
The ice beast hits you but does no damage.
You hear some strange, mumbled words.
The ambient heat is drained!
You die...

#....#######.#
#).........#
#.........# .
###.......#
#.#########........
..>...............
#......#........
#....Y.)).......
#...@..#)......#
#...<..#.......#
#......#......##
########.#......
......... .....###.
...... ......##


You could see an ice beast (summoned).

Vanquished Creatures
  Harold (D:9)
  A two-headed ogre (D:5)
  Maggie (D:6)
  A hornet (D:10)
  4 yaks
  4 vampire mosquitoes (D:7)
  Menkaure (D:6)
  4 water moccasins
  A hornet zombie (D:7)
  4 orc warriors
  A necrophage (D:7)
  3 ogres (D:5)
  3 centaurs
  A kobold brigand (D:9)
  4 bullfrogs
  2 wyvern zombies (D:7)
  2 scorpions
  2 water moccasin skeletons
  6 killer bees (D:8)
  5 wights (D:8)
  2 howler monkeys
  10 centaur zombies
  2 bullfrog zombies
  4 hounds
  A centaur skeleton (D:7)
  3 gnoll shamans
  4 orc priests
  3 jellies
  2 bullfrog skeletons (D:5)
  Jessica (D:2)
  2 iguanas
  Crazy Yiuf (D:7)
  14 orc wizards
  Natasha (thrice) (D:2)
  5 killer bee zombies
  A hound zombie (D:5)
  A hound skeleton (D:5)
  4 mummies (Ossuary)
  A howler monkey zombie (D:9)
  Robin (D:3)
  7 adders
  13 gnolls
  2 river rats (D:4)
  A shadow imp (D:6)
  2 ufetubi
  2 worms (D:2)
  39 orcs
  5 endoplasms
  4 giant cockroaches
  14 goblins
  14 hobgoblins
  5 jackals
  6 quokkas
  8 ball pythons
  13 bats
  3 frilled lizards
  2 hobgoblin zombies (Ossuary)
  3 kobolds
  2 rats
261 creatures vanquished.

Vanquished Creatures (others)
  Erica (D:10)
  A fungus (D:4)
  7 plants
9 creatures vanquished.

Grand Total: 270 creatures vanquished

Notes
Turn   | Place    | Note
-------+----------+-------------------------------------------
     0 | D:1      | RubberyChicken the Troll Fighter began the quest for the
                  | Orb.
     0 | D:1      | Reached XP level 1. HP: 22/22 MP: 0/0
   139 | D:1      | Reached XP level 2. HP: 29/29 MP: 1/1
   279 | D:1      | Found Ujiocw's Distillery.
   306 | D:1      | Found a faded altar of an unknown god.
   317 | D:1      | Became a worshipper of Makhleb the Destroyer
   317 | D:1      | Reached * piety under Makhleb
   451 | D:1      | Reached skill level 3 in Unarmed Combat
   485 | D:1      | Reached XP level 3. HP: 36/36 MP: 2/2
   613 | D:2      | Noticed Jessica
   621 | D:2      | Killed Jessica
   622 | D:2      | Reached XP level 4. HP: 45/45 MP: 3/3
   733 | D:2      | Noticed Natasha
   739 | D:2      | Killed Natasha
   740 | D:2      | Reached skill level 4 in Unarmed Combat
   878 | D:2      | Noticed Natasha
   888 | D:2      | Killed Natasha
   889 | D:2      | Reached XP level 5. HP: 31/53 MP: 4/4
   987 | D:2      | Noticed Natasha
   993 | D:2      | Killed Natasha
  1136 | D:2      | Reached ** piety under Makhleb
  1378 | D:3      | Noticed Robin
  1395 | D:3      | Killed Robin
  1396 | D:3      | Reached skill level 5 in Unarmed Combat
  1831 | D:4      | Reached XP level 6. HP: 62/62 MP: 5/5
  1910 | D:4      | Found a glowing drain.
  1914 | Sewer    | Entered a sewer
  1923 | Sewer    | Reached *** piety under Makhleb
  1943 | Sewer    | Noticed a water moccasin
  1945 | Sewer    | Noticed a hellwing
  1946 | Sewer    | Noticed a neqoxec
  1952 | Sewer    | Gained mutation: Your mind is acute. (Int +2) [potion of
                  | mutation]
  1955 | Sewer    | HP: 1/62 [hellwing[the player character] (5)]
  1959 | Sewer    | Gained mutation: Your magical capacity is low. (-10% MP) [a
                  | neqoxec]
  1961 | Sewer    | Gained mutation: Armour fits poorly on your strangely
                  | shaped body. [a neqoxec]
  1964 | Sewer    | Killed a water moccasin
  1965 | Sewer    | Reached skill level 6 in Unarmed Combat
  2056 | D:4      | Identified the +8 chain mail of Duck's Teeth {Dex+2}
  2064 | D:4      | Found a sand-covered staircase.
  2068 | Ossuary  | Entered an ossuary
  2074 | Ossuary  | Reached skill level 1 in Invocations
  2080 | Ossuary  | Reached XP level 7. HP: 70/70 MP: 4/6
  2553 | D:4      | Reached skill level 7 in Unarmed Combat
  2580 | D:4      | Found a radiant altar of Vehumet.
  3026 | D:5      | Entered Level 5 of the Dungeon
  3305 | D:5      | Noticed a two-headed ogre
  3363 | D:5      | Killed a two-headed ogre
  3364 | D:5      | Reached skill level 5 in Fighting
  3364 | D:5      | Reached skill level 8 in Unarmed Combat
  3364 | D:5      | Reached XP level 8. HP: 20/80 MP: 6/8
  3489 | D:5      | Found a staircase to the Ecumenical Temple.
  4107 | D:6      | Noticed Menkaure
  4113 | D:6      | Reached XP level 9. HP: 88/88 MP: 9/9
  4115 | D:6      | Killed Menkaure
  4165 | D:6      | Reached **** piety under Makhleb
  4239 | D:6      | Reached skill level 9 in Unarmed Combat
  4365 | D:6      | Noticed Maggie
  4374 | D:6      | Killed Maggie
  4378 | D:6      | Lost mutation: Your mind is acute. (Int +2) [potion of
                  | mutation]
  4378 | D:6      | Gained mutation: You are weak. (Str -2) [potion of
                  | mutation]
  4981 | D:7      | Found Raid Yna's Jewellery Shoppe.
  5071 | D:7      | Reached skill level 10 in Unarmed Combat
  5071 | D:7      | Reached skill level 5 in Invocations
  5213 | D:7      | Reached skill level 5 in Shields
  5238 | D:7      | Reached XP level 10. HP: 60/98 MP: 11/11
  5381 | D:7      | Found a basalt altar of Yredelemnul.
  5513 | D:7      | Found a runed translucent door.
  5514 | D:7      | Noticed Crazy Yiuf
  5519 | D:7      | Killed Crazy Yiuf
  5635 | D:8      | Found Ippacw's Antique Armour Boutique.
  5986 | D:8      | Reached ***** piety under Makhleb
  6829 | D:9      | Reached skill level 11 in Unarmed Combat
  7179 | D:9      | Found a staircase to the Orcish Mines.
  7201 | D:9      | Found Gaaxudd's Weapon Emporium.
  7293 | D:9      | Found a staircase to the Lair.
  7431 | D:9      | Noticed Harold
  7447 | D:9      | Killed Harold
  7644 | D:10     | Entered Level 10 of the Dungeon
  7651 | D:10     | Paralysed by a hornet for 1 turns
  7690 | D:10     | Noticed Erica
  7692 | D:10     | Noticed Fannar
  7698 | D:10     | Killed Erica
  7699 | D:10     | Reached XP level 11. HP: 34/109 MP: 13/13
  7706 | D:10     | Killed from afar by Fannar

Illustrated notes

Levels and vault maps discovered:
D:1:      amcnicky_arrival_gap_in_the_tavern_cellar, layout_basic, serial_shops,
          shop, basic_ecumenical_altar, chequers_garden
D:2:      layout_loops_cross, kennysheep_decorative_pillar, uniq_jessica,
          uniq_natasha
D:3:      layout_basic, uniq_robin
D:4:      layout_cave_pods, mainiacjoe_overflow_boulevard, gup_sewer_entry_bowl,
          serial_column_ruins, column_ruins_circle_medium, column_ruins_hut,
          column_ruins_grid_3, column_ruins_grid_1, column_ruins_open_large,
          nicolae_ossuary_entry_plus
D:5:      layout_loops_corners, nicolae_overflow_hidden_temple,
          minmay_temple_entry_nine_rooms, minmay_starry_boxes
D:6:      layout_loops_ring, hangedman_abyss_or_decor_stabs, uniq_maggie,
          uniq_menkaure
D:7:      layout_cave_pools, nicolae_yredelemnul_corpse_copse, serial_shops,
          shop, uniq_crazy_yiuf_cottage
D:8:      layout_basic, nicolae_stop_n_shop_1, roderic_lattice_a,
          serial_bayou_crossing
D:9:      layout_small_grid, lair_entry_dummy, orc_david_3, billiards_dpeg,
          uniq_harold
D:10:     layout_rooms, minitemple, uniq_fannar, uniq_erica

Skill      XL: |  1  2  3  4  5  6  7  8  9 10 |
---------------+-------------------------------+-----
Unarmed Combat | 3 4 5 6 8 10 11 | 11.5
Fighting       | 3 4 5 6 7 |  7.2
Invocations    | 1 3 5 6 |  6.4
Shields        | 3 5 6 |  6.1
Dodging        | |  2.4

Action                   |  1- 3 |  4- 6 |  7- 9 | 10-12 || total
-------------------------+-------+-------+-------+-------++-------
Melee: Unarmed           |    87 |   176 |   249 |   282 ||   794
Throw: Dart              |     3 |     3 |     4 |     1 ||    11
Invok: Lesser Servant of |       |     2 |       |     2 ||     4
       Minor Destruction |       |       |     2 |       ||     2
  Use: Potion            |       |     6 |     1 |     1 ||     8
       Scroll            |       |     3 |     8 |     2 ||    13
 Stab: Sleeping          |     1 |       |       |       ||     1
Armor: Robe              |    40 |    24 |       |       ||    64
       Animal skin       |       |    48 |    91 |    63 ||   202
Dodge: Dodged            |    31 |    64 |    97 |    88 ||   280
Block: Kite shield       |    43 |   112 |   138 |   147 ||   440
